Semilg, neutral male human Priest --------------- |..@.%|.....|<| |.r'd`|.`.`.|^| |=....|`.`..|^| |.`..`......|^| |--.---`..`.|^| |...`.|.....|^| |.....-------^| |.`.`....^^^^.| -----...----..| ----- ---- Semilg the Adept Experience level: 6 Strength: 11 Dexterity: 9 Constitution: 14 Intelligence: 19 Wisdom: 12 Charisma: 11 Health: 0(51) Energy: 50(50) Def: 7 Gold: 636 Moves: 2864 Dungeon seed: mQdPTRXGe9hFWa6m Game ID: Semilg_1552756270 Your Inventory: Coins $ - 636 gold pieces Amulets D - an uncursed amulet of reflection (being worn) Weapons a - a blessed +1 mace (weapon in hand) k - an uncursed +0 halberd l - an uncursed +0 scimitar m - a blessed poisoned +1 dart (in quiver) Armor e - an uncursed +0 robe (being worn) n - an uncursed +0 small shield (being worn) q - an uncursed +0 orcish helm (being worn) y - an uncursed +0 studded leather armor (being worn) Comestibles A - an uncursed tin of giant rat meat J - an uncursed food ration Scrolls j - an uncursed scroll of scare monster t - a blessed scroll of taming E - an uncursed scroll of punishment F - an uncursed scroll of destroy armor Spellbooks g - an uncursed spellbook of cure blindness h - an uncursed spellbook of detect monsters i - an uncursed spellbook of protection z - an uncursed spellbook of extra healing Potions b - 4 potions of holy water s - 2 uncursed potions of booze u - an uncursed potion of extra healing v - an uncursed potion of confusion w - a blessed potion of hallucination x - 2 uncursed potions of hallucination G - an uncursed potion of water Wands f - an uncursed wand of cancellation (0:1) r - an uncursed wand of enlightenment (0:13) Tools C - an uncursed tin whistle Spells and supernatural/magical abilities: Name Level Category Fail Memory n - detect monsters 1 divination 0% 86% p - protection 1 clerical 0% 86% B - cure blindness 2 healing 19% 86% W - pray for help -- divine ? -- X - turn undead -- divine ? -- Your skills at the end: Miscellaneous Skills shield [Basic] wands [Basic] Weapon Skills mace [Basic] Spellcasting Skills clerical spells [Basic] Final Attributes: You were piously aligned. You had reflection. You are dead. Vanquished creatures: a human zombie a fog cloud 2 shriekers 4 giant ants 4 floating eyes 3 kittens a kobold lord 2 iguanas a rothe a rabid rat a jitterbug a monkey 5 orc zombies 3 coyotes a hobgoblin a brown mold a yellow mold a green mold a red mold 9 jackals 3 newts 2 goblins a grid bug 6 lichens a kobold zombie 57 creatures vanquished. Voluntary challenges: You did not cause conflict. You were not invisible. You did not have reflection until turn 2382. You were not displaced. You used a wielded weapon 90 times, starting on turn 5. You did not use tools. You did not use plumbed fixtures. You did not drink any magical draughts. You were illiterate. You never genocided any monsters. You never polymorphed an object. You never changed form. You used no wishes. You never split a pudding. You never wrote Elbereth's name. You never violated your personal moral code. Dungeon overview: The Dungeons of Doom: levels 1 to 8 Level 1 a long staircase Level 2 Level 3 Level 4 Level 5 a sink Level 6 many fountains Level 7 a fountain stairs to Sokoban Level 8 Sokoban: Level 6 <- You were here a magic chest stairs to The Dungeons of Doom History has recorded: On T:1 you entered the Dungeons of Doom to retrieve the Amulet of Yendor! On T:143 you reached level 2 of The Dungeons of Doom. On T:496 you reached level 3 of The Dungeons of Doom. On T:844 you reached level 4 of The Dungeons of Doom. On T:899 you prayed to Ishtar. On T:949 you advanced to experience level 2. On T:1196 you reached level 5 of The Dungeons of Doom. On T:1452 you advanced to experience level 3. On T:1474 you reached level 6 of The Dungeons of Doom. On T:1613 you advanced to experience level 4. On T:1897 you reached level 7 of The Dungeons of Doom. On T:1945 you advanced to experience level 5. On T:2249 you advanced to experience level 6. On T:2524 you reached level 4 of Sokoban. On T:2594 you reached level 8 of The Dungeons of Doom. Score breakdown: Gold: 636 ( 63 points) Experience: 6 levels ( 500 points) Exploration: 8 levels ( 210 points) Discoveries: 15 items ( 750 points) Variety of kills: 25 monsters ( 1250 points) Major goal: (nothing yet) ( 0 points) Survival: died (score multiplied by 3) Total score: 8319 Latest messages: Your load is too heavy to climb the stairs. (2x) You drop a cursed cloudy potion. Your movements are only slowed slightly by your load. You see here an uncursed food ration. J - an uncursed food ration. You rebalance your load. Movement is difficult. You hit the wolf. The straw golem claws you! The straw golem misses. The wolf bites! The straw golem claws you! The straw golem misses. The wolf bites! You hit the wolf! The straw golem claws you! The straw golem misses. The wolf bites! The straw golem claws you! (2x) The wolf bites! The straw golem claws you! (2x) You die... Final status: Goodbye Semilg the Priest, killed by a straw golem... You died in Sokoban on dungeon level 6 with 8319 points, and 636 pieces of gold, after 2864 moves. You were level 6 with a maximum of 51 hit points when you died.